 Seeded DCSS version 0.30-a0-924-g0ad0bf95bc (webtiles) character file.

Game seed: 3425090202442293766 (custom seed)

4 valliere the Sneak (level 1, 9/9 HPs)
             Began as a Spriggan Enchanter on Mar 22, 2023.
             Quit the game on level 1 of the Dungeon.
             The game lasted 00:01:04 (123 turns).

valliere the Sneak (Spriggan Enchanter)              Turns: 123, Time: 00:01:04

Health: 9/9        AC:  2    Str:  4    XL:     1   Next: 58%
Magic:  5/5        EV: 17    Int: 16    God:
Gold:   16         SH:  0    Dex: 15    Spells: 5/5 levels left

rFire   . . .      SeeInvis +    a - +1 dagger
rCold   . . .      Faith    .    (no shield)
rNeg    . . .      Spirit   .    b - +0 robe
rPois   .          Reflect  .    (helmet restricted)
rElec   .          Rampage  .    (no cloak)
rCorr   .                        (gloves unavailable)
Will    .....                    (boots unavailable)
Stlth   +++                      (no amulet)
HPRegen 0.21/turn                (no ring)
MPRegen 0.09/turn                (no ring)

@: very quick
A: very small, no large weapons, unfitting armour, see invisible, speed 3
a: no special abilities


You were on level 1 of the Dungeon.
You visited 1 branch of the dungeon, and saw 1 of its levels.

You collected 16 gold pieces.

Inventory:

Hand Weapons
 a - a +1 dagger (weapon)
Armour
 b - a +0 robe (worn)
Scrolls
 d - a scroll of acquirement
 e - a scroll of blinking {unknown}
 f - 2 scrolls of noise {unknown}
Potions
 c - 2 potions of invisibility


   Skills:
 + Level 1.2 Short Blades
 + Level 2.8 Dodging
 + Level 4.5 Stealth
 + Level 2.8 Spellcasting
 + Level 3.7 Hexes


You had 5 spell levels left.
You didn't know any spells.
Your spell library contained the following spells:

 Spells                   Type           Power      Damage    Failure   Level
 Confusing Touch          Hex            14%        N/A       12%         3
 Tukima's Dance           Hex            14%        N/A       12%         3
 Ensorcelled Hibernation  Hex/Ice        16%        N/A       14%         2
 Dazzling Flash           Conj/Hex       16%        N/A       26%         3


Dungeon Overview and Level Annotations

Branches:
Dungeon (1/15)

Altars:


Innate Abilities, Weirdness & Mutations

You are very small and have problems with some larger weapons.
You are too small for most types of armour.
You have supernaturally acute eyesight. (SInv)
You cover ground extremely quickly. (Speed+++)


Message History

You hit the kobold.
You kill the kobold!
You hit the rat.
The rat is severely wounded.
The rat completely misses you.
You completely miss the rat.
The rat is severely wounded.
The rat bites you.
You hit the rat.
You kill the rat!
No target in view!
HP restored.
e - a scroll labelled OCSA GENAT
Things that are here:
a +0 short sword; 2 stones
f - a scroll labelled ALANOX UGUGGIST
Things that are here:
a +0 short sword; 2 stones
Found a scroll labelled ICEDOASTEN.
There is a stone staircase leading down here.
An endoplasm is nearby!
You hit the endoplasm but do no damage. The endoplasm misses you.
You hit the endoplasm.
The endoplasm is severely wounded.
You hit the endoplasm but do no damage.
The endoplasm is severely wounded.
The endoplasm freezes you.
You are frozen.
You hit the endoplasm.
You kill the endoplasm!
No target in view!
No target in view!
f - 2 scrolls labelled ALANOX UGUGGIST (gained 1)
You now have 16 gold pieces.
d - 2 scrolls labelled ICEDOASTEN (gained 1)
Found a robe and 9 stones.
This is a scroll of acquirement!
Something appears at your feet!
Unknown command.
Are you sure you want to abandon this character and quit the game? (Confirm with "yes".)

#.# #.###.# # ##. #.#
#.#...# ## ..( #.#
#...#####. #..
###.###......#..
#..[##.#.......##..
#.#.##.#.......##..
#.#....).......##..
#..###.....[....##.
##@....#...........
######.>###.#######...
#...........# ##..
#...........# #..
#...[.......# ##.
#...........# ##
#..^.......## #
#..........#
#..........#


There were no monsters in sight!

Vanquished Creatures
  A ball python (D:1)
  An endoplasm (D:1)
  A kobold (D:1)
  A rat (D:1)
4 creatures vanquished.

Notes
Turn   | Place    | Note
-------+----------+-------------------------------------------
     0 | D:1      | valliere the Spriggan Enchanter began the quest for the
                  | Orb.
     0 | D:1      | Reached XP level 1. HP: 9/9 MP: 5/5
   122 | D:1      | Identified 2 scrolls of acquirement
   122 | D:1      | Acquired a +1 hat of intelligence
   123 | D:1      | Quit the game

Illustrated notes

Levels and vault maps discovered:
D:1:      minmay_arrival_loop, layout_basic, ebering_ecumenical_altar_webs,
          moated_statue, minmay_tetromino_s2

Action                     || total
---------------------------++-------
  Melee: Dagger            ||    15
    Use: Scroll            ||     1
 Armour: Robe              ||     1
  Dodge: Dodged            ||     9

Table legend: (Time is in decaauts)
 A = Elapsed time spent in this place.
 B = Non-inter-level travel time spent in this place.
 C = Inter-level travel time spent in this place.
 D = Time resting spent in this place.
 E = Time spent auto-exploring this place.
 F = Levels seen in this place.
 G = Mean time per level.
                   A        B        C        D        E       F      G
               +--------+--------+--------+--------+--------+-----+--------+
         Total |     87 |     87 |      0 |      0 |     59 |   1 |   87.0 |
       Dungeon |     87 |     87 |      0 |      0 |     59 |   1 |   87.0 |
               +--------+--------+--------+--------+--------+-----+--------+

Top non-repeatable levels by time:
     D:1: 87 daAuts
